 Dungeon Crawl Stone Soup version 0.22-a0-617-g6d95e9e (webtiles) character file.

23 sking99 the Grasshopper (level 2, 0/27 HPs)
             Began as a Naga Warper on July 13, 2018.
             Slain by a rat (2 damage)
             ... on level 2 of the Dungeon.
             The game lasted 00:02:23 (648 turns).

sking99 the Grasshopper (Naga Warper)                Turns: 648, Time: 00:02:24

Health: 0/27       AC:  2    Str: 18    XL:     2   Next: 95%
Magic:  5/5        EV:  9    Int: 13    God:
Gold:   69         SH:  0    Dex: 10    Spells: 1/5 levels left

rFire    . . .     SeeInvis +   a - +0 mace
rCold    . . .     Gourm    .   (no shield)
rNeg     . . .     Faith    .   b - +0 leather armour
rPois    +         Spirit   .   (no helmet)
rElec    .         Reflect  .   (no cloak)
rCorr    .         Harm     .   (no gloves)
MR       .....                  (no barding)
Stlth    +.........             (no amulet)
HPRegen  0.09/turn              (no ring)
MPRegen  0.09/turn              (no ring)

@: mighty, lethally poisoned (0 -> -5), very slow
A: large, see invisible, deformed body, poison resistance, slowness 2, slow
metabolism 1, spit poison 1, AC +0
a: Spit Poison


You were on level 2 of the Dungeon.
You were not hungry.

You visited 1 branch of the dungeon, and saw 2 of its levels.

You collected 69 gold pieces.

Inventory:

Hand Weapons
 a - a +0 mace (weapon)
Missiles
 e - 5 tomahawks of dispersal (quivered)
Armour
 b - a +0 leather armour (worn)
Scrolls
 d - a scroll of blinking
 g - a scroll of enchant armour {unknown}
 h - 4 scrolls of remove curse {unknown}
 j - a scroll of teleportation {unknown}
 k - a scroll of identify {unknown}
 l - a scroll of enchant weapon {unknown}
 m - a scroll of noise {unknown}
 n - 2 scrolls of fog {unknown}
 o - 2 scrolls of random uselessness {unknown}
Potions
 p - a potion of flight {unknown}
 q - a potion of lignification {unknown}
Comestibles
 c - 3 chunks of flesh
 f - 4 rations


   Skills:
 + Level 2.4 Fighting
 * Level 3.0 Maces & Flails
 - Level 0.8 Throwing
 - Level 0.7 Armour
 - Level 1.5 Dodging
 - Level 2.0 Spellcasting
 - Level 3.0 Translocations


You had one spell level left.
You knew the following spells:

 Your Spells              Type           Power        Failure   Level  Hunger
a - Blink                 Tloc           N/A          13%         2    ###....
b - Shroud of Golubria    Chrm/Tloc      #.........   24%         2    ###....

Your spell library contained the following spells:

 Spells                   Type           Power        Failure   Level  Hunger
 Teleport Other           Tloc           #.......     26%         3    ####...
 Passage of Golubria      Tloc           N/A          65%         4    #####..
 Gell's Gravitas          Tloc           #.........   26%         3    ####...
 Lesser Beckoning         Tloc           #.........   26%         3    ####...


Dungeon Overview and Level Annotations

Branches:
Dungeon (2/15)

Altars:


Innate Abilities, Weirdness & Mutations

You cannot wear boots.
Your serpentine skin is tough. (AC +0)
You have supernaturally acute eyesight. (SInv)
Armour fits poorly on your strangely shaped body.
Your system is resistant to poisons. (rPois)
You cover ground very slowly.
You have a slow metabolism.
You can spit poison.


Message History

* * * LOW HITPOINT WARNING * * *
The frilled lizard closely misses you.
You barely miss the adder.
The adder is almost dead.
* * * LOW HITPOINT WARNING * * *
You feel sick. The rat bites you but does no damage.
The adder bites you but does no damage. The frilled lizard bites you.
* * * LOW HITPOINT WARNING * * *
The rat bites you.
* * * LOW HITPOINT WARNING * * *
The adder closely misses you.
Press: ? - help, Shift-Dir - straight line, f - frilled lizard
Aim: a frilled lizard
Okay, then.
It was a potion of might.
You feel very mighty all of a sudden. The adder bites you but does no damage.
The frilled lizard bites you but does no damage.
The rat bites you.
You die...

#.. ..#. ... ⌠
####.. !.
.....># .g.
....... ..≈.
......l## .≈≈S.
.......@#......
.......rS.ns...
...............
..........#####
..........#
..........#
...........
############


You could see a necrophage, an adder, a giant cockroach, a frilled lizard and a
rat.

Vanquished Creatures
  An ooze (D:1)
  2 giant cockroaches (D:1)
  4 goblins (D:1)
  2 hobgoblins (D:1)
  4 frilled lizards (D:1)
  3 kobolds (D:1)
  2 rats (D:1)
18 creatures vanquished.

Notes
Turn   | Place    | Note
-------+----------+-------------------------------------------
     0 | D:1      | sking99 the Naga Warper began the quest for the Orb.
     0 | D:1      | Reached XP level 1. HP: 19/19 MP: 3/3
   180 | D:1      | Reached XP level 2. HP: 26/26 MP: 5/5
   633 | D:1      | Learned a level 2 spell: Blink
   636 | D:1      | Learned a level 2 spell: Shroud of Golubria
   645 | D:2      | Noticed a necrophage
   648 | D:2      | Slain by a rat

Vault maps used:
D:1:      dpeg_arrival_tiny_a, minmay_tromino_mix6
D:2:      cheibrodos_helix_gallery, old_standard_altar, palyth_stone_intersect,
          uniq_sigmund

Skill      XL: |  1  2 |
---------------+-------+-----
Maces & Flails | 3 |  3.0
Fighting       | |  2.4
Throwing       | |  0.8
Armour         | |  0.7
Dodging        | |  1.5
Spellcasting   | |  2.0
Translocations | |  3.0

Action                   || total
-------------------------++-------
Melee: Mace              ||    38
 Abil: Spit Poison       ||    10
  Use: Potion            ||     1
Armor: Leather armour    ||    13
Dodge: Dodged            ||    18

Table legend:
 A = Spawn XP
 B = Non-spawn XP
 C = Spawn XP percentage of total XP
 D = Spawn monster count
 E = Non-spawn monster count
 F = Spawn count percentage of total count
 G = Total turns spent on level
                    A         B        C        D         E        F      G
               +---------+---------+-------+---------+---------+-------+---------
         Total |       0 |      33 |   0.0 |       0 |      18 |   0.0 |   648
               +---------+---------+-------+---------+---------+-------+---------
           D:1 |       0 |      33 |   0.0 |       0 |      18 |   0.0 |   637
               +---------+---------+-------+---------+---------+-------+---------
